 Dungeon Crawl Stone Soup version 0.29-a0-1030-gf5f8719cae (webtiles) character file.

Game seed: 9786857688054679597

28 DungeonMaster the Shield-Bearer (level 3, -1/26 HPs)
             Began as a Demonspawn Wanderer on Aug 13, 2022.
             Succumbed to an orc's poison
             ... on level 2 of the Dungeon.
             The game lasted 00:02:08 (1423 turns).

DungeonMaster the Shield-Bearer (DsWn)              Turns: 1423, Time: 00:02:09

Health: -1/26      AC:  8    Str: 10    XL:     3   Next: 0%
Magic:  4/4        EV: 11    Int: 13    God:
Gold:   57         SH:  5    Dex: 16    Spells: 3/4 levels left

rFire   . . .      SeeInvis .   a - +0 trident
rCold   + . .      Faith    .   b - +0 buckler
rNeg    . . .      Spirit   .   m - +3 leather armour "Xoss" {rC+}
rPois   .          Reflect  .   (no helmet)
rElec   .          Harm     .   (no cloak)
rCorr   .          Rampage  .   (no gloves)
Will    .....                   (no boots)
Stlth   +.........              d - amulet of the acrobat
HPRegen 0.08/turn               (no ring)
MPRegen 0.09/turn               (no ring)

@: mighty, lethally poisoned (-1 -> -18)
A: icy blue scales 1
a: no special abilities


You were on level 2 of the Dungeon.
You visited 1 branch of the dungeon, and saw 2 of its levels.

You collected 57 gold pieces.

Inventory:

Hand Weapons
 a - a +0 trident (weapon)
Missiles
 j - 2 poisoned darts
 k - 11 stones
Armour
 b - a +0 buckler (worn)
 m - the +3 leather armour "Xoss" (worn) {rC+}
   (You found it on level 2 of the Dungeon)

   rC:        It protects you from cold.
Jewellery
 d - an amulet of the acrobat (around neck)
Scrolls
 c - 6 scrolls of butterflies
 g - a scroll of enchant weapon {unknown}
Potions
 e - a potion of might
 h - a potion of cancellation {unknown}
 i - 2 potions of degeneration {unknown}
 l - a potion of ambrosia {unknown}


   Skills:
 * Level 1.2 Fighting
 - Level 2.6 Polearms
 * Level 0.9 Armour
 * Level 1.0 Dodging
 * Level 3.0 Shields
 - Level 1.0 Spellcasting
 - Level 2.1 Necromancy
 - Level 1.2 Invocations


You had 3 spell levels left.
You knew the following spells:

 Your Spells              Type           Power      Damage    Failure   Level
a - Necrotise             Necr           24%        1d5       21%         1

Your spell library contained the following spells:

 Spells                   Type           Power      Damage    Failure   Level
 Vampiric Draining        Necr           6%         2d6       52%         3
 Animate Armour           Summ/Erth      0%         N/A       99%         4
 Blade Hands              Tmut           0%         N/A       100%        5
 Iron Shot                Conj/Erth      0%         9d1       100%        6


Dungeon Overview and Level Annotations

Branches:
Dungeon (2/15)

Altars:


Innate Abilities, Weirdness & Mutations

You are partially covered in icy blue scales. (AC +2)


Message History

The goblin hits you with a +0 club.
You closely miss the goblin.
The goblin is moderately wounded.
The goblin closely misses you.
An orc priest comes into view. It is wielding a +0 short sword.
You closely miss the goblin.
The goblin is moderately wounded.
You block the goblin's attack.
An endoplasm comes into view.
A kobold comes into view. It is wielding a +0 dagger.
An orc comes into view. It is wielding a +1 dagger of venom.
The goblin throws a stone.
The stone completely misses you.
An orc comes into view. It is wielding a +0 club.
You block the orc's attack.
The orc shouts!
An orc comes into view. It is wielding a +0 short sword.
The orc throws a boomerang.
You block the boomerang.
The goblin throws a stone.
You block the stone.
The goblin throws a stone.
The stone misses you.
There is a stone staircase leading down here.
There is a stone staircase leading down here.
The orc attacks as you move away!
The orc hits you with a +1 dagger of venom.
You are poisoned.
You feel very sick. The orc attacks as you move away!
The orc barely misses you.
You feel sick.
You feel sick. The orc attacks as you move away! The orc misses you.
You feel sick.
You feel sick. The orc attacks as you move away! The orc barely misses you.
You feel sick.
You feel sick.
You feel sick.
You are no longer poisoned.
You barely miss the orc.
The orc hits you with a +1 dagger of venom.
* * * LOW HITPOINT WARNING * * *
You are lethally poisoned!
The orc misses you.
It was a potion of might.
You feel very mighty all of a sudden.
You die...

#..# #####............# # #..#
#................# # #..#
#...............## # #..#
#..........#...## ####..##
#......###.##### # ##......#
#..............#
###...#..#g#####......###.##.##
##..###>##.....#......# #.##.#
...###>.######.#@...<.###.##.#
#gg.gg.#### #.o.......##.##.#
o.###.....# ##÷######..#.##.#
.## ##.##.# #.÷# ##.#.##.# .
#.##.### ##[# #......# #
#.##...####.# ####...#
#.####).....## #...# #.#
#####...## #...## #.# ##...####
#....###


You could see an orc.

Vanquished Creatures
  An adder (D:2)
  A dart slug (D:2)
  A ball python (D:1)
  3 endoplasms
  A goblin (D:1)
  A hobgoblin (D:1)
  2 jackals (D:2)
  A quokka (D:2)
  2 bats
  A kobold (D:1)
  2 rats (D:1)
16 creatures vanquished.

Notes
Turn   | Place    | Note
-------+----------+-------------------------------------------
     0 | D:1      | DungeonMaster the Demonspawn Wanderer began the quest for
                  | the Orb.
     0 | D:1      | DungeonMaster set off with the following items: a +0
                  | trident, a +0 buckler, a scroll of butterflies, a +0 robe;
                  | and the following spell memorised: Necrotise; and the
                  | following spells available to memorise: Vampiric Draining.
     0 | D:1      | Reached XP level 1. HP: 13/13 MP: 2/2
   778 | D:1      | Found a faded altar of an unknown god.
   951 | D:1      | Gained mutation: You are partially covered in icy blue
                  | scales. (AC +2) [demonic ancestry]
   951 | D:1      | Reached XP level 2. HP: 20/20 MP: 3/3
  1100 | D:2      | Identified the +3 leather armour "Xoss" {rC+}
  1120 | D:2      | Reached skill level 1 in Fighting
  1122 | D:2      | Reached skill level 3 in Shields
  1308 | D:2      | Reached skill level 1 in Dodging
  1390 | D:2      | Reached XP level 3. HP: 26/26 MP: 4/4
  1423 | D:2      | Succumbed to an orc's poison

Illustrated notes

Levels and vault maps discovered:
D:1:      wander_arrival_lonely_grave, layout_loops_corners,
          hellmonk_ecumenical_altar_slurped_away, bh_walls_and_bars
D:2:      layout_rooms, minmay_distorted

Skill      XL: |  1  2 |
---------------+-------+-----
Fighting       | 1 |  1.2
Shields        | 3 |  3.0
Dodging        | 1 |  1.0
Polearms       | |  2.6
Armour         | |  0.9
Spellcasting   | |  1.0
Necromancy     | |  2.1
Invocations    | |  1.2

Action                   || total
-------------------------++-------
Melee: Trident           ||    63
  Use: Potion            ||     1
 Stab: Sleeping          ||     1
Armor: Chain mail        ||    33
       Robe              ||     2
       Leather armour    ||     2
Dodge: Dodged            ||    25
Block: Buckler           ||    22

Table legend: (Time is in decaauts)
 A = Elapsed time spent in this place.
 B = Non-inter-level travel time spent in this place.
 C = Inter-level travel time spent in this place.
 D = Time resting spent in this place.
 E = Time spent auto-exploring this place.
 F = Levels seen in this place.
 G = Mean time per level.
                   A        B        C        D        E       F      G
               +--------+--------+--------+--------+--------+-----+--------+
         Total |   1435 |   1384 |     51 |    104 |   1054 |   2 |  717.5 |
       Dungeon |   1435 |   1384 |     51 |    104 |   1054 |   2 |  717.5 |
               +--------+--------+--------+--------+--------+-----+--------+

Top non-repeatable levels by time:
     D:1: 1063 daAuts
     D:2: 372 daAuts
